 Dungeon Crawl Stone Soup version 0.27-a0-1105-g946c659c87 (webtiles) character file.

Game seed: 16093915043291154728

96 DogServant the Stinger (level 4, -1/33 HPs)
             Began as a Draconian Venom Mage on Apr 30, 2021.
             Slain by an orc
             ... wielding a +0 hand axe
              (7 damage)
             ... on level 3 of the Dungeon.
             The game lasted 00:04:04 (2259 turns).

DogServant the Stinger (Draconian Venom Mage)       Turns: 2259, Time: 00:04:04

Health: -1/33      AC:  5    Str: 10    XL:     4   Next: 41%
Magic:  1/7        EV: 12    Int: 16    God:
Gold:   63         SH:  0    Dex: 12    Spells: 1/7 levels left

rFire    . . .     SeeInvis .   e - +2 trident (protect)
rCold    . . .     Faith    .   (no shield)
rNeg     . . .     Spirit   .   (armour unavailable)
rPois    .         Reflect  .   (helmet restricted)
rElec    .         Harm     .   (no cloak)
rCorr    .         Rampage  .   (no gloves)
Will     .....                  (no boots)
Stlth    ++........             (no amulet)
HPRegen  0.11/turn              (no ring)
MPRegen  0.10/turn              (no ring)

@: no status effects
A: AC +5, unfitting armour, cold-blooded
a: no special abilities


You were on level 3 of the Dungeon.
You visited 1 branch of the dungeon, and saw 3 of its levels.

You collected 63 gold pieces.

Inventory:

Hand Weapons
 e - a +2 trident of protection (weapon)
Missiles
 c - a throwing net
Magical Staves
 h - a staff of air
Scrolls
 a - 2 scrolls of enchant armour {unknown}
 d - a scroll of identify {unknown}
Potions
 b - a potion of haste {unknown}
 f - a potion of lignification {unknown}
 g - a potion of mutation {unknown}


   Skills:
 - Level 0.1 Fighting
 - Level 2.0 Dodging
 - Level 2.0 Stealth
 - Level 0.6 Unarmed Combat
 - Level 2.4 Spellcasting
 - Level 2.0 Transmutations
 + Level 1.5 Air Magic
 + Level 3.8 Poison Magic


You had one spell level left.
You knew the following spells:

 Your Spells              Type           Power      Damage    Failure   Level
a - Sting                 Tmut/Pois      44%        1d5       6%          1
b - Poisonous Vapours     Pois/Air       20%        N/A       10%         2
c - Ignite Poison         Fire/Tmut/Pois 8%         N/A       26%         3

Your spell library contained the following spells:

 Spells                   Type           Power      Damage    Failure   Level
 Animate Skeleton         Necr           2%         N/A       21%         1
 Pain                     Necr           4%         1d4       21%         1
 Mephitic Cloud           Conj/Pois/Air  7%         N/A       28%         3
 Olgreb's Toxic Radiance  Pois           14%        N/A       38%         4
 Vampiric Draining        Necr           0%         2d6       52%         3
 Animate Dead             Necr           0%         N/A       89%         4
 Agony                    Necr           1%         N/A       99%         5


Dungeon Overview and Level Annotations

Branches:
Dungeon (3/15)

Altars:
Hepliaklqana

Shops:
D:1 (

Annotations:
D:2 Sigmund


Innate Abilities, Weirdness & Mutations

Your plain brown scales are hard. (AC +5)
You cannot fit into any form of body armour.
You are cold-blooded and may be slowed by cold attacks.


Message History

You barely miss something. Something hits you but does no damage.
You miss something. Something hits you but does no damage.
You completely miss something. Something hits you.
You hear some strange, mumbled words.
A magic dart appears from out of thin air!
The magic dart hits you.
You miss something.
You hear some strange, mumbled words.
A magic dart appears from out of thin air!
The magic dart hits you.
* * * LOW HITPOINT WARNING * * *
Something hits you but does no damage. Something completely misses you.
You closely miss something.
The adder hisses angrily.
A ball python comes into view.
Something hits you but does no damage. Something barely misses you.
Casting: Sting (safe; 6% risk of failure)
Confirm with . or Enter, or press ? or * to list all spells.
Aiming: Sting (safe; 6% risk of failure)
Press: ? - help, Shift-Dir - straight line The sting hits something.
Reactivating autopickup.
You feel a bit more experienced. Something hits you but does no damage.
Deactivating autopickup; reactivate with Ctrl-A.
Training target 2.0 for Transmutations reached!
Your Transmutations skill increases to level 2!
You closely miss something. Something hits you.
* * * LOW HITPOINT WARNING * * *
The orc hits you with a +0 hand axe.
* * * LOW HITPOINT WARNING * * *
You hit something.
Your weapon exudes an aura of protection.
Something hits you but does no damage. The orc hits you but does no damage.
Something hits you but does no damage. The orc barely misses you.
You closely miss something. Something hits you.
* * * LOW HITPOINT WARNING * * *
The orc closely misses you.
You miss something. Something barely misses you.
The orc hits you with a +0 hand axe!
You die...

#.##S##### ..#
#o..†<...# #.# #
)...##.#)#.####.# .
# #..........#.#
.#### #..###.#....##
#.... #.$###.#.....#
#...#
#...........#.#.#>.#
#
...#.##..S##{#...##.
.........oo@........
...#.##..S###....###
#..<.......# .#..#
........#.# .# .# #
#.####.. .. # #. ###
.# # .# .#


You could see an adder, 2 orcs and a ball python.

Vanquished Creatures
  An orc wizard (D:3)
  2 adders (D:2)
  3 dart slugs
  An orc (D:3)
  4 ball pythons
  3 bats
  6 endoplasms
  2 goblins
  3 hobgoblins
  6 jackals
  4 kobolds
  2 quokkas (D:2)
  3 frilled lizards (D:1)
  3 rats
43 creatures vanquished.

Notes
Turn   | Place    | Note
-------+----------+-------------------------------------------
     0 | D:1      | DogServant the Draconian Venom Mage began the quest for the
                  | Orb.
     0 | D:1      | Reached XP level 1. HP: 14/14 MP: 3/3
   306 | D:1      | Reached XP level 2. HP: 10/20 MP: 1/5
   691 | D:1      | Found Mag Yjikke's Antique Weapon Emporium.
  1042 | D:1      | Learned a level 2 spell: Poisonous Vapours
  1308 | D:1      | Reached XP level 3. HP: 26/26 MP: 0/6
  1502 | D:2      | Learned a level 3 spell: Ignite Poison
  1712 | D:2      | Found a faded altar of an unknown god.
  1831 | D:2      | Found a hazy altar of Hepliaklqana.
  1886 | D:2      | Reached skill level 1 in Air Magic
  1947 | D:2      | Noticed Sigmund
  2209 | D:2      | Reached XP level 4. HP: 33/33 MP: 7/7
  2259 | D:3      | Slain by an orc

Illustrated notes

Levels and vault maps discovered:
D:1:      eino_arrival_water_star, layout_basic, serial_shops, shop,
          corexii_hall_statues_i
D:2:      layout_rooms, basic_altar, ebering_ecumenical_altar_abandoned,
          uniq_sigmund
D:3:      layout_loops_corners, bloody_makhleb

Skill      XL: |  1  2  3  4 |
---------------+-------------+-----
Stealth        | 2 |  2.0
Dodging        | 2 |  2.0
Air Magic      | 1 |  1.5
Transmutations | 2 |  2.0
Fighting       | |  0.1
Unarmed Combat | |  0.6
Spellcasting   | |  2.4
Poison Magic   | |  3.8

Action                   |  1- 3 |  4- 6 || total
-------------------------+-------+-------++-------
Melee: Unarmed           |    34 |       ||    34
       Tailslap          |     9 |       ||     9
       Trident           |    29 |    13 ||    42
 Cast: Sting             |    66 |     5 ||    71
       Poisonous Vapours |     6 |     2 ||     8
 Stab: Sleeping          |     1 |       ||     1
Armor: Skin              |    36 |    13 ||    49
Dodge: Dodged            |    70 |     7 ||    77

Table legend: (Time is in decaauts)
 A = Elapsed time spent in this place.
 B = Non-inter-level travel time spent in this place.
 C = Inter-level travel time spent in this place.
 D = Time resting spent in this place.
 E = Time spent auto-exploring this place.
 F = Levels seen in this place.
 G = Mean time per level.
                   A        B        C        D        E       F      G
               +--------+--------+--------+--------+--------+-----+--------+
         Total |   2275 |   2242 |     33 |     25 |   1851 |   3 |  758.3 |
       Dungeon |   2275 |   2242 |     33 |     25 |   1851 |   3 |  758.3 |
               +--------+--------+--------+--------+--------+-----+--------+

Top non-repeatable levels by time:
     D:1: 1417 daAuts
     D:2: 816 daAuts
     D:3: 41 daAuts
